 Dungeon Crawl Stone Soup version 0.24.1-8-ga250c9d538 (webtiles) character file.

Game seed: 11279498596804372119, levelgen mode: deterministic

2128 Hugehornet the Covert (level 9, -2/87 HPs)
             Began as a Halfling Assassin on Mar 17, 2020.
             Was an Initiate of Dithmenos.
             Slain by a killer bee (4 damage)
             ... on level 7 of the Dungeon on Apr 27, 2020.
             The game lasted 00:27:32 (8388 turns).

Hugehornet the Covert (Halfling Assassin)           Turns: 8388, Time: 00:27:32

Health: -2/87      AC: 24    Str: 12    XL:     9   Next: 54%
Magic:  13/13      EV:  3    Int: 12    God:    Dithmenos [......]
Gold:   228        SH:  0    Dex: 16    Spells: 14/14 levels left

rFire    . . .     SeeInvis .   i - +2 short sword (drain)
rCold    . . .     Gourm    .   (shield restricted)
rNeg     + + +     Faith    .   (armour currently unavailable)
rPois    +         Spirit   .   (helmet currently unavailable)
rElec    .         Reflect  .   (cloak currently unavailable)
rCorr    .         Harm     .   (gloves currently unavailable)
MR       .....     NoTele   +   (boots currently unavailable)
Stlth    +++++.....             (no amulet)
HPRegen  0.24/turn              o - ring of stealth
MPRegen  0.13/turn              t - ring of wizardry

@: lethally poisoned (-2 -> -5), tree-form, hasted, heavily drained, very quick
A: small, mutation resistance 1
a: Renounce Religion


You were on level 7 of the Dungeon.
You worshipped Dithmenos.
Dithmenos was noncommittal.
You were not hungry.
You were a tree.
You visited 2 branches of the dungeon, and saw 8 of its levels.
You also visited: Sewer.

You collected 242 gold pieces.
You spent 14 gold pieces at shops.

Inventory:

Hand Weapons
 a - a +3 dagger
 i - a +2 short sword of draining (weapon)
Missiles
 d - 59 poisoned darts (quivered)
 e - 2 curare-tipped darts
 n - 8 atropa-tipped darts
Armour
 b - a +0 robe (melded)
 c - a +0 cloak (melded)
 s - a +2 pair of gloves (melded)
 C - a +0 pair of boots (melded)
Jewellery
 o - a ring of stealth (left branch)
 t - a ring of wizardry (right branch)
Scrolls
 j - 3 scrolls of enchant weapon
 k - a scroll of amnesia {unknown}
 l - a scroll of random uselessness {unknown}
 m - 3 scrolls of remove curse
 p - a scroll of immolation {unknown}
 q - 2 scrolls of fog
 r - a scroll of identify
 y - a scroll of magic mapping
 A - a scroll of teleportation
 D - a scroll of blinking {unknown}
Potions
 g - a potion of agility
 v - 3 potions of magic
 x - a potion of haste
 z - a potion of brilliance
Comestibles
 f - 14 rations


   Skills:
 + Level 4.3(2.1) Fighting
 + Level 5.7(3.5) Short Blades
 - Level 2.0(0.0) Throwing
 + Level 4.6(2.4) Dodging
 * Level 10.7(8.2) Stealth
 + Level 3.0(1.0) Spellcasting


You had 14 spell levels left.
You didn't know any spells.
Your spell library was empty.

Dungeon Overview and Level Annotations

Branches:
Dungeon (7/15)             Temple (1/1) D:6           Sewer (visited)

Altars:
Cheibriados
Dithmenos
Elyvilon
Fedhas
Gozag
Hepliaklqana
Kikubaaqudgha
Makhleb
Nemelex Xobeh
Okawaru
Qazlal
Sif Muna
Uskayaw
Vehumet
Wu Jian
Xom
Zin
The Shining One

Shops:
D:5 (**


Innate Abilities, Weirdness & Mutations

You are small and have problems with some larger weapons.
You are somewhat resistant to further mutation.


Message History

The killer bee is severely wounded.
You feel sick. The killer bee stings you.
* * * LOW HITPOINT WARNING * * *
The killer bee stings you but does no damage. x2
You barely miss the killer bee.
The killer bee is severely wounded.
The killer bee stings you but does no damage. x3
You hit the killer bee.
You kill the killer bee!
Dithmenos accepts your kill.
You feel sick.
The killer bee stings you but does no damage. x2
You hit the killer bee. You drain the killer bee.
The killer bee is severely wounded.
The killer bee stings you.
* * * LOW HITPOINT WARNING * * *
You barely miss the killer bee.
* * * LOW HITPOINT WARNING * * *
You feel sick. The killer bee stings you.
You die...

.........
#.y.......##
#......>...#####
..............
.......g....
#...ggF..#
##..ggS..#
#...#yy##
##....Ky♣#
#...(..###
#....#.#
###.#### ###


You could see a gnoll sergeant, a bullfrog, 3 killer bees, 4 gnolls, an adder
and a kobold.

Vanquished Creatures
  An orc warrior (D:6)
  4 phantoms
  An ice beast (D:7)
  2 ogres
  A centaur (D:5)
  Blork the orc (D:5)
  2 bullfrogs
  A wyvern zombie (D:6)
  A scorpion (D:7)
  A killer bee (D:7)
  6 wights (D:6)
  A crimson imp (D:6)
  A hound (D:5)
  4 orc priests
  A jelly (D:5)
  An orc wizard (D:3)
  An iguana (D:4)
  Terence (D:2)
  6 worker ants
  A worker ant zombie (D:5)
  8 gnolls
  3 river rats (Sewer)
  6 adders
  3 worms
  3 dart slugs
  4 leopard geckos
  21 orcs
  6 giant cockroaches
  4 goblins
  7 hobgoblins
  A jackal (D:3)
  2 quokkas (D:3)
  6 ball pythons
  12 bats
  13 frilled lizards
  10 kobolds
  A quokka zombie (D:5)
  18 rats
166 creatures vanquished.

Notes
Turn   | Place    | Note
-------+----------+-------------------------------------------
     0 | D:1      | Hugehornet the Halfling Assassin began the quest for the
                  | Orb.
     0 | D:1      | Reached XP level 1. HP: 14/14 MP: 1/1
   143 | D:1      | Reached XP level 2. HP: 19/19 MP: 2/2
   261 | D:1      | Reached skill level 5 in Stealth
   609 | D:1      | Reached XP level 3. HP: 23/24 MP: 3/3
   832 | D:2      | Noticed Terence
   834 | D:2      | Killed Terence
   834 | D:2      | Reached skill level 6 in Stealth
   834 | D:2      | Reached XP level 4. HP: 29/29 MP: 4/4
  1787 | D:3      | Reached XP level 5. HP: 34/34 MP: 5/5
  1815 | D:3      | Reached skill level 7 in Stealth
  2169 | D:3      | Found a glowing drain.
  2179 | Sewer    | Entered a sewer
  2765 | Sewer    | Reached XP level 6. HP: 37/39 MP: 6/6
  3257 | D:3      | Noticed a phantom
  3260 | D:3      | Killed a phantom
  3260 | D:3      | Reached skill level 8 in Stealth
  3699 | D:4      | Reached XP level 7. HP: 27/45 MP: 8/8
  3872 | D:4      | Reached skill level 1 in Spellcasting
  4589 | D:4      | Reached skill level 9 in Stealth
  4589 | D:4      | Reached XP level 8. HP: 51/51 MP: 10/10
  4753 | D:5      | Entered Level 5 of the Dungeon
  4959 | D:5      | Found Ror Guga's Antique Weapon Shop.
  4963 | D:5      | Found Komnen's General Store.
  5010 | D:5      | Found Yritobo's General Store.
  5049 | D:5      | Bought a scroll of noise for 14 gold pieces
  5088 | D:5      | Noticed Blork the orc
  5108 | D:5      | Killed Blork the orc
  6329 | D:6      | Reached skill level 10 in Stealth
  6330 | D:6      | Reached XP level 9. HP: 58/58 MP: 12/12
  6368 | D:6      | Reached skill level 5 in Short Blades
  6570 | D:6      | Found a staircase to the Ecumenical Temple.
  7478 | D:6      | Upgraded the game from 0.24.0-125-gc4c63601f3 to
                  | 0.24.1-8-ga250c9d538
  7491 | Temple   | Entered the Ecumenical Temple
  7709 | Temple   | Became a worshipper of Dithmenos the Shadowed
  8212 | D:7      | HP: 1/58 [centaur (3)]
  8387 | D:7      | HP: 3/87 [killer bee (3)]
  8388 | D:7      | Slain by a killer bee

Levels and vault maps discovered:
D:1:      scummos_arrival_hexagon, layout_loops_ring
D:2:      layout_basic, first_ration, uniq_terence
D:3:      minmay_skewed_foursquare, layout_basic, portal_sewer_entry_e
D:4:      layout_cave_pools, guppyfry_early_lair_pool
D:5:      layout_basic, serial_shops, nicolae_shop_overgrown_old_shop, shop,
          nicolae_shop_competitors_out_of_business, uniq_blork_the_orc
D:6:      layout_basic, minmay_temple_entry_statues_pillars
D:7:      layout_cave_pools, lightli_orcish_oven
Temple:   hc_temple_tempest_star

Skill      XL: |  1  2  3  4  5  6  7  8  9 |
---------------+----------------------------+-----
Stealth        | 5 6 7 8 9 10 | 10.7
Fighting       | 2 3 4 |  4.3
Short Blades   | 3 4 5 |  5.7
Dodging        | 2 3 4 |  4.6
Spellcasting   | 1 2 3 |  3.0
Throwing       | |  2.0

Action                   |  1- 3 |  4- 6 |  7- 9 || total
-------------------------+-------+-------+-------++-------
Melee: Dagger            |    66 |   192 |   171 ||   429
       Short sword       |       |    24 |   258 ||   282
Throw: Dart              |       |     4 |       ||     4
  Use: Scroll            |       |    11 |     5 ||    16
       Potion            |       |     1 |     4 ||     5
 Stab: Sleeping          |    13 |    24 |    20 ||    57
       Distracted        |       |     1 |       ||     1
       Fleeing           |       |     1 |       ||     1
  Eat: Chunk             |       |     9 |     5 ||    14
       Ration            |       |       |     3 ||     3
Armor: Robe              |    11 |    31 |    57 ||    99
       Skin              |       |       |    24 ||    24
Dodge: Dodged            |    47 |   116 |   267 ||   430
